 Seeded DCSS version 0.27.1-2-g3b301248ec (webtiles) character file.

Game seed: 6258058316398713103 (custom seed)

9 a11behringer the Insei (level 1, -1/15 HPs)
             Began as a Demigod Transmuter on Sept 23, 2021.
             Slain by an endoplasm (2 damage)
             ... on level 1 of the Dungeon.
             The game lasted 00:03:01 (549 turns).

a11behringer the Insei (Demigod Transmuter)          Turns: 549, Time: 00:03:01

Health: -1/15      AC:  2    Str: 11    XL:     1   Next: 86%
Magic:  5/5        EV: 12    Int: 15    God:
Gold:   26         SH:  0    Dex: 14    Spells: 2/3 levels left

rFire    . . .     SeeInvis .   f - +1 short sword (vamp)
rCold    . . .     Faith    .   (no shield)
rNeg     . . .     Spirit   .   a - +0 robe
rPois    .         Reflect  .   (no helmet)
rElec    .         Harm     .   (no cloak)
rCorr    +         Rampage  .   (no gloves)
Will     .....                  (no boots)
Stlth    +.........             (no amulet)
HPRegen  0.05/turn              c - ring of resist corrosion
MPRegen  0.09/turn              (no ring)

@: no status effects
A: high mp 1, forlorn
a: no special abilities


You were on level 1 of the Dungeon.
You visited 1 branch of the dungeon, and saw 1 of its levels.

You collected 26 gold pieces.

Inventory:

Hand Weapons
 f - a +1 vampiric short sword (weapon)
Armour
 a - a +0 robe (worn)
Jewellery
 c - a ring of resist corrosion (left hand)
Scrolls
 b - a scroll of magic mapping {unknown}
 e - a scroll of acquirement {unknown}
Potions
 d - a potion of brilliance {unknown}


   Skills:
 - Level 0.8 Fighting
 + Level 1.7 Dodging
 - Level 3.2 Unarmed Combat
 - Level 1.7 Spellcasting
 + Level 1.7 Transmutations


You had 2 spell levels left.
You knew the following spells:

 Your Spells              Type           Power      Damage    Failure   Level
a - Beastly Appendage     Tmut           12%        N/A       11%         1

Your spell library contained the following spells:

 Spells                   Type           Power      Damage    Failure   Level
 Wereblood                Tmut           6%         N/A       17%         2
 Spider Form              Tmut/Pois      1%         N/A       43%         3
 Ice Form                 Ice/Tmut       3%         N/A       85%         4


Dungeon Overview and Level Annotations

Branches:
Dungeon (1/15)


Innate Abilities, Weirdness & Mutations

Your attributes grow dramatically as you level up.
You have an increased reservoir of magic. (+10% MP)
You shall have no god before yourself.


Message History

The rat is moderately wounded.
The rat barely misses you.
You hit the rat but do no damage.
The rat is moderately wounded.
You hit the rat.
You kill the rat!
A kobold is nearby!
Found 11 gold pieces.
The kobold shouts!
You hit the kobold.
You kill the kobold!
e - a scroll labelled LENA JUKLI IFA
Things that are here:
a +0 dagger; a kobold corpse
Found a runed granite ring.
You see here a +1 vampiric short sword.
f - a +1 vampiric short sword You feel a sense of dread.
f - a +1 vampiric short sword (weapon)
A kobold comes into view. It is wielding a +0 short sword.
The kobold shouts!
You barely miss the kobold. The kobold hits you but does no damage.
You hit the kobold.
The kobold is moderately wounded.
The kobold completely misses you.
You miss the kobold.
The kobold is moderately wounded.
The kobold misses you.
An endoplasm comes into view.
You closely miss the kobold.
The kobold is moderately wounded.
The kobold hits you with a +0 short sword.
You barely miss the kobold.
The kobold is moderately wounded.
The kobold hits you with a +0 short sword.
* * * LOW HITPOINT WARNING * * *
You hit the kobold.
You kill the kobold!
The endoplasm hits you.
You die...

###......... ##.
............ ..
..###........ #.#
..###........ ..
............. #.
##...####.....#
#.###=...# #######
#.J#.....# #@....#.###
#...#..#...# ##
#..###...## #.
.##..##......#.#######.
....##.......#.........
........._......######.
#.####....)..###...$#
#. ..................#
#. .######.......##.###
#.


You could see an endoplasm.

Vanquished Creatures
  An endoplasm (D:1)
  A goblin (D:1)
  4 kobolds (D:1)
  A frilled lizard (D:1)
  2 rats (D:1)
9 creatures vanquished.

Notes
Turn   | Place    | Note
-------+----------+-------------------------------------------
     0 | D:1      | a11behringer the Demigod Transmuter began the quest for the
                  | Orb.
     0 | D:1      | Reached XP level 1. HP: 15/15 MP: 5/5
   277 | D:1      | Reached skill level 3 in Unarmed Combat
   549 | D:1      | Slain by an endoplasm

Illustrated notes

Levels and vault maps discovered:
D:1:      sevenhm_arrival_forest_fort_large_2, layout_rooms,
          ebering_ecumenical_altar_sacrificial

Skill      XL: |  1 |
---------------+----+-----
Unarmed Combat | 3 |  3.2
Fighting       | |  0.8
Dodging        | |  1.7
Spellcasting   | |  1.7
Transmutations | |  1.7

Action                   || total
-------------------------++-------
Melee: Unarmed           ||    35
       Short sword       ||     6
 Stab: Sleeping          ||     1
Armor: Robe              ||     8
Dodge: Dodged            ||    18
